 Dungeon Crawl Stone Soup version 0.22-a0-443-g17c3723 (webtiles) character file.

132 Gorglomux the Chopper (level 5, -2/32 HPs)
             Began as a Gargoyle Fighter on June 1, 2018.
             Slain by a worker ant (4 damage)
             ... on level 4 of the Dungeon.
             The game lasted 00:01:33 (1665 turns).

Gorglomux the Chopper (Gargoyle Fighter)            Turns: 1665, Time: 00:01:34

Health: -2/32      AC: 12    Str: 21    XL:     5   Next: 15%
Magic:  5/5        EV:  7    Int: 13    God:
Gold:   132        SH:  9    Dex:  9    Spells: 4/4 levels left

rFire    . . .     SeeInvis .   a - +0 war axe
rCold    . . .     Gourm    .   c - +0 shield
rNeg     + . .     Faith    .   b - +0 scale mail
rPois    ∞         Spirit   .   (no helmet)
rElec    +         Reflect  .   (no cloak)
rCorr    .         Harm     .   (no gloves)
MR       .....                  p - +0 pair of boots
Stlth    ..........             (no amulet)
HPRegen  0.10/turn              k - ring of wizardry
MPRegen  0.09/turn              l - ring of flight

@: brilliant
A: negative energy resistance 1, electricity resistance, unbreathing,
petrification resistance, rot immunity, AC +4
a: Evoke Flight


You were on level 4 of the Dungeon.
You were not hungry.

You visited 1 branch of the dungeon, and saw 4 of its levels.

You collected 132 gold pieces.

Inventory:

Hand Weapons
 a - a +0 war axe (weapon)
Armour
 b - a +0 scale mail (worn)
 c - a +0 shield (worn)
 p - a +0 pair of boots (worn)
Jewellery
 k - a ring of wizardry (left hand)
 l - a ring of flight (right hand)
Scrolls
 g - 2 scrolls of amnesia {unknown}
 i - 6 scrolls of identify {unknown}
 m - a scroll of teleportation {unknown}
 n - 3 scrolls of remove curse {unknown}
 s - 2 scrolls of fog {unknown}
 t - a scroll of immolation {unknown}
 u - a scroll of magic mapping {unknown}
Potions
 d - a potion of might
 q - a potion of brilliance
Comestibles
 f - 5 rations


   Skills:
 - Level 3.2 Fighting
 + Level 4.7 Axes
 - Level 3.2 Armour
 - Level 3.2 Shields


You had 4 spell levels left.
You didn't know any spells.
Your spell library was empty.

Dungeon Overview and Level Annotations

Branches:
Dungeon (4/15)
 Temple: D:4-7

Altars:
Nemelex Xobeh
Qazlal
Xom
The Shining One


Innate Abilities, Weirdness & Mutations

You are resistant to torment.
Your stone body is resilient. (AC +4)
You are immune to poison.
You resist negative energy. (rN+)
You are resistant to electric shocks. (rElec)
You can survive without breathing.
You are immune to petrification.
You are immune to rotting.


Message History

The ogre is moderately wounded!
The ogre hits you with a giant club!!!!!!
DANG; * * * don't die
* * * You are too injured to fight recklessly!!!
All of the chunks of flesh in your inventory have butt away!
A worker ant comes into view!
There butts a stone staircase leading up here!
The worker ant waves its antennae!
It was a potion of brilliance!
You feel clever all of a sudden! You block the ogre's attack!
Unknown command!
The ogre hits you with a giant butt! * * * don't die
* * * Unknown command!
Okay, then!
Okay, then!
The worker butt bites you but does no damage!
The worker ant bites you! rip

.......#.(##.#...#
#..#.#.........#
#..............#.## #..
##.#.#..###........ #..#
#.#..<..........## .#
##... #.#.......#.......
... ....#
#.#.#..####..#####
#.###..###..............
.#..........@....###
#.### ........###a#.#.##
.# .........O....### .#
#.###..###.#.#
#.###..###.#.#
........O..##.#
#############.# ###


You could see an ogre and a worker ant.

Vanquished Creatures
  A howler monkey (D:4)
  2 adders (D:3)
  2 worms (D:2)
  3 dart slugs
  A leopard gecko (D:2)
  7 orcs (D:3)
  3 giant cockroaches
  9 goblins
  2 hobgoblins
  6 jackals (D:3)
  8 bats
  6 frilled lizards
  3 kobolds (D:1)
  6 rats
59 creatures vanquished.

Notes
Turn   | Place    | Note
-------+----------+-------------------------------------------
     0 | D:1      | Gorglomux the Gargoyle Fighter began the quest for the Orb.
     0 | D:1      | Reached XP level 1. HP: 14/14 MP: 1/1
    39 | D:1      | Reached skill level 2 in Axes
    68 | D:1      | Reached XP level 2. HP: 16/19 MP: 2/2
   641 | D:1      | Reached skill level 3 in Axes
   671 | D:1      | Reached XP level 3. HP: 23/23 MP: 3/3
   934 | D:2      | Found a shimmering altar of Xom.
   977 | D:2      | Found a sparkling altar of Nemelex Xobeh.
   977 | D:2      | Found a stormy altar of Qazlal.
  1046 | D:3      | Reached XP level 4. HP: 26/28 MP: 4/4
  1174 | D:3      | Reached skill level 4 in Axes
  1572 | D:4      | Reached XP level 5. HP: 28/32 MP: 5/5
  1576 | D:4      | Found a glowing golden altar of the Shining One.
  1615 | D:4      | Noticed an ogre
  1653 | D:4      | HP: 1/32 [ogre/giant club (4)]
  1665 | D:4      | Slain by a worker ant

Vault maps used:
D:1:      dpeg_arrival_simpleton_c
D:2:      marbit_many_paths, gammafunk_temple_overflow_elements
D:3:      minmay_diamond_boxcup, first_ration, uniq_crazy_yiuf_cottage
D:4:      nicolae_overflow_crystal_walls, kennysheep_little_box,
          minmay_temple_entry_glassed_door, serial_forest,
          infiniplex_forest_end_2, infiniplex_forest_lined_1,
          infiniplex_forest_corner_1, infiniplex_forest_clump_diagonal,
          infiniplex_forest_lined_3_way, infiniplex_forest_clump_tiny,
          infiniplex_forest_straight_2, uniq_ijyb, uniq_eustachio

Skill      XL: |  1  2  3  4 |
---------------+-------------+-----
Axes           | 2 3 4 |  4.7
Fighting       | |  3.2
Armour         | |  3.2
Shields        | |  3.2

Action                   |  1- 3 |  4- 6 || total
-------------------------+-------+-------++-------
Melee: War axe           |    96 |    76 ||   172
  Use: Potion            |       |     1 ||     1
  Eat: Chunk             |     1 |     2 ||     3
Armor: Scale mail        |    52 |    61 ||   113
Dodge: Dodged            |    32 |    37 ||    69
Block: Shield            |    45 |    55 ||   100

Table legend:
 A = Spawn XP
 B = Non-spawn XP
 C = Spawn XP percentage of total XP
 D = Spawn monster count
 E = Non-spawn monster count
 F = Spawn count percentage of total count
 G = Total turns spent on level
                    A         B        C        D         E        F      G
               +---------+---------+-------+---------+---------+-------+---------
         Total |       0 |     189 |   0.0 |       0 |      59 |   0.0 |  1665
               +---------+---------+-------+---------+---------+-------+---------
           D:1 |       0 |      25 |   0.0 |       0 |      12 |   0.0 |   581
           D:2 |       0 |      42 |   0.0 |       0 |      22 |   0.0 |   419
           D:3 |       0 |      71 |   0.0 |       0 |      24 |   0.0 |   520
           D:4 |       0 |      51 |   0.0 |       0 |       1 |   0.0 |   145
               +---------+---------+-------+---------+---------+-------+---------
